 Dungeon Crawl Stone Soup version 0.25.1-2-g60ff931df9 (webtiles) character file.

Game seed: 4398241663846500906

1458 H0rd4k the Sneak (level 8, -21/51 HPs)
             Began as an Octopode Transmuter on Aug 27, 2020.
             Demolished by a two-headed ogre
             ... wielding a +0 giant spiked club
              (22 damage)
             ... on level 8 of the Dungeon.
             The game lasted 00:13:45 (8299 turns).

H0rd4k the Sneak (Octopode Transmuter)              Turns: 8299, Time: 00:13:46

Health: -21/51     AC:  1    Str:  9      XL:     8   Next: 76%
Magic:  23/23      EV: 14    Int: 17      God:
Gold:   378        SH:  0    Dex: 12 (13) Spells: 9/15 levels left

rFire    + . .     SeeInvis .     - Unarmed
rCold    . . .     Gourm    .   (no shield)
rNeg     + . .     Faith    .   (helmet restricted)
rPois    .         Spirit   .   (no amulet)
rElec    .         Reflect  .   i - ring of resist corrosion
rCorr    +         Harm     .   A - ring of positive energy
MR       .....                  F - ring of protection from cold
Stlth    ++++......             E - ring of magical power
HPRegen  0.17/turn              H - ring of fire
MPRegen  0.18/turn              (no ring)
                                (no ring)
                                (no ring)

@: no status effects
A: almost no armour, stealthy swim, amphibious, 8 rings, constrict 8, camouflage
1, gelatinous body 1
a: no special abilities


You were on level 8 of the Dungeon.
You were very hungry.

You visited 1 branch of the dungeon, and saw 8 of its levels.

You collected 378 gold pieces.

Inventory:

Missiles
 a - 87 arrows
 l - 9 atropa-tipped darts (quivered)
 m - 36 poisoned darts
 D - 6 curare-tipped darts
Jewellery
 i - a ring of resist corrosion (left tentacle)
 A - a ring of positive energy (right tentacle)
 E - a ring of magical power (on tentacle)
 F - a ring of protection from cold (on tentacle)
 G - an uncursed ring of magical power
 H - a ring of fire (on tentacle)
Wands
 v - a wand of paralysis (4)
 x - a wand of random effects (27)
Scrolls
 j - a scroll of magic mapping {unknown}
 n - a scroll of random uselessness {unknown}
 p - 3 scrolls of amnesia {unknown}
 q - 2 scrolls of identify
 r - 4 scrolls of teleportation {unknown}
 s - 2 scrolls of fog {unknown}
 t - 4 scrolls of immolation {unknown}
 u - a scroll of enchant weapon {unknown}
 w - a scroll of enchant armour {unknown}
 y - a scroll of noise {unknown}
Potions
 b - a potion of haste
 d - a potion of invisibility
 e - a potion of degeneration
 f - a potion of heal wounds
 g - 3 potions of curing
 h - 4 potions of cancellation
 k - a potion of magic
 o - 2 potions of flight
 z - 2 potions of might
 B - a potion of stabbing {unknown}
 C - a potion of ambrosia {unknown}
Comestibles
 c - 6 rations


   Skills:
 + Level 2.5 Fighting
 + Level 0.5 Throwing
 + Level 3.6 Dodging
 + Level 6.2 Stealth
 + Level 6.2 Unarmed Combat
 * Level 4.1 Spellcasting
 * Level 5.2 Transmutations
 + Level 0.3 Poison Magic
 + Level 0.9 Evocations


You had 9 spell levels left.
You knew the following spells:

 Your Spells              Type           Power        Failure   Level  Hunger
a - Beastly Appendage     Tmut           ###...       1%          1    None
b - Sticks to Snakes      Tmut           ###.....     2%          2    ##.....
c - Spider Form           Tmut/Pois      ##........   16%         3    ###....

Your spell library contained the following spells:

 Spells                   Type           Power        Failure   Level  Hunger
 Blade Hands              Tmut           ###.......   45%         5    ######.
 Ice Form                 Ice/Tmut       ##......     47%         4    ####...


Dungeon Overview and Level Annotations

Branches:
Dungeon (8/15)             Temple (0/1) D:6
   Lair: D:8-11

Altars:
Nemelex Xobeh
Sif Muna
Yredelemnul
Zin
Beogh

Shops:
D:6 %

Annotations:
D:3 exclusion: 2 downstairs
D:4 Blork the orc
D:5 3 runed translucent doors, exclusions: 3 doors, sky beast and upstairs, Dowan; Duvessa; Toogi's ghost, novice DrCj
D:6 exclusion: ice beast
D:7 exclusions: downstairs, hippogriff, phantom and sky beast


Innate Abilities, Weirdness & Mutations

You cannot wear most types of armour.
You are very stealthy in the water. (Stealth+)
You are amphibious.
You can wear up to eight rings at the same time.
You can use your tentacles to constrict eight enemies at once.
Your skin changes colour to match your surroundings (Stealth+).
Your rubbery body absorbs attacks. (AC +1, EV +1)


Message History

You kill the leopard gecko!
You hit the two-headed ogre.
The two-headed ogre is lightly wounded.
The two-headed ogre misses you.
The two-headed ogre completely misses you.
You hit the two-headed ogre.
The two-headed ogre is moderately wounded.
You hit the two-headed ogre.
The two-headed ogre looks even sicker.
The two-headed ogre is moderately wounded.
Your transformation is almost over.
The two-headed ogre misses you.
The two-headed ogre hits you with a +0 giant club!!
* * * LOW HITPOINT WARNING * * *
Your transformation has ended.
You tentacle-slap the two-headed ogre but do no damage.
The two-headed ogre is severely wounded.
The two-headed ogre hits you with a +0 giant spiked club!
* * * LOW HITPOINT WARNING * * *
The two-headed ogre hits you with a +0 giant club!!
You die...

...# .. #.....
...##...
##......
........
#)......
........
#......#######
<.♣
#......##....##
s...#
#............#
...##
#............#
...#
#............#
....
#....@##.<...#
.....
#....O##.....#
......
+....$.......#
.$.....
#.....##....##
#.....#######
#......
#.......
####+###


You could see a two-headed ogre (poisoned).

Vanquished Creatures
  Sigmund (D:3)
  An ice beast (D:6)
  An orc warrior (D:7)
  2 ogres (D:4)
  A centaur (D:7)
  2 crimson imps (D:7)
  2 jellies (D:7)
  A quasit (D:7)
  2 hounds
  3 orc priests
  A centaur zombie (D:7)
  2 orc wizards
  6 worker ants
  Natasha (twice) (D:3)
  2 hound zombies
  A hound skeleton (D:4)
  A worker ant zombie (D:7)
  Robin (D:3)
  8 gnolls
  2 adders
  2 shadow imps
  An adder skeleton (D:7)
  2 worms
  A dart slug (D:1)
  A leopard gecko (D:8)
  12 orcs
  11 bats
  4 giant cockroaches
  18 goblins
  6 hobgoblins
  9 jackals
  6 kobolds
  2 frilled lizards
  A jackal zombie (D:6)
  A leopard gecko skeleton (D:7)
  A leopard gecko zombie (D:7)
  4 rats
124 creatures vanquished.

Notes
Turn   | Place    | Note
-------+----------+-------------------------------------------
     0 | D:1      | H0rd4k the Octopode Transmuter began the quest for the Orb.
     0 | D:1      | Reached XP level 1. HP: 13/13 MP: 3/3
   104 | D:1      | Reached XP level 2. HP: 14/18 MP: 5/5
   447 | D:1      | Reached XP level 3. HP: 18/23 MP: 6/6
   586 | D:1      | Learned a level 2 spell: Sticks to Snakes
   590 | D:1      | Learned a level 3 spell: Spider Form
  1403 | D:2      | Reached skill level 1 in Stealth
  1404 | D:2      | Found a faded altar of an unknown god.
  1485 | D:2      | Reached XP level 4. HP: 28/28 MP: 7/7
  2266 | D:3      | You fall into a shaft and drop 1 floor!
  2325 | D:4      | Reached XP level 5. HP: 20/33 MP: 6/9
  2536 | D:3      | Noticed Natasha
  2538 | D:3      | Noticed Sigmund
  2543 | D:3      | Killed Natasha
  2852 | D:3      | Killed Sigmund
  2852 | D:3      | Reached XP level 6. HP: 38/38 MP: 10/10
  3044 | D:3      | Found a basalt altar of Yredelemnul.
  3138 | D:3      | Noticed Natasha
  3150 | D:3      | Killed Natasha
  3151 | D:3      | Noticed Robin
  3171 | D:3      | Killed Robin
  3446 | D:3      | Found a sparkling altar of Nemelex Xobeh.
  3824 | D:4      | Reached XP level 7. HP: 44/44 MP: 9/11
  4070 | D:4      | Noticed Blork the orc
  4388 | D:4      | Reached skill level 5 in Unarmed Combat
  4463 | D:5      | Entered Level 5 of the Dungeon
  4934 | D:5      | Found a shimmering blue altar of Sif Muna.
  4992 | D:5      | Found a glowing silver altar of Zin.
  5053 | D:5      | Found a runed translucent gate.
  5053 | D:5      | Found a runed translucent gate.
  5055 | D:5      | Found a runed translucent gate.
  5056 | D:5      | Noticed Toogi's ghost (novice DrCj)
  5059 | D:5      | Found a roughly hewn altar of Beogh.
  5060 | D:5      | Identified the +4 hunting sling "Pygocs" {flame, +Blink}
  5060 | D:5      | Identified the +2 chain mail of the Good {rElec Str+3}
  5578 | D:5      | Reached skill level 5 in Stealth
  5621 | D:5      | Noticed Dowan
  5631 | D:5      | Noticed Duvessa
  6034 | D:6      | Found Huatijel's Food Emporium.
  6168 | D:6      | Reached XP level 8. HP: 32/50 MP: 11/13
  6384 | D:6      | Found a staircase to the Ecumenical Temple.
  7295 | D:7      | Reached skill level 5 in Transmutations
  7846 | D:7      | Noticed a hippogriff
  8220 | D:8      | Noticed a hippogriff
  8267 | D:8      | Noticed a two-headed ogre
  8299 | D:8      | HP: 1/51 [two-headed ogre/+0 giant spiked club (14)]
  8299 | D:8      | Demolished by a two-headed ogre

Illustrated notes

Levels and vault maps discovered:
D:1:      scummos_arrival_simple_fountains, layout_basic
D:2:      layout_basic, chequers_ecumenical_altar_simple, minmay_misc_feat_room
D:3:      layout_loops_ring, lemuel_coloured_pillars_altar,
          yredelemnul_altar_generic, uniq_natasha, uniq_sigmund, uniq_robin
D:4:      layout_basic, first_ration, uniq_blork_the_orc
D:5:      layout_loops_corners, zin_treasury, lemuel_blue_sif_altar,
          biasface_ghost_orc_armoury, tgw_kikubaaqudgha, uniq_duvessa
D:6:      lemuel_upstairs_altar, layout_rooms, nicolae_ru_the_path_less_chosen,
          minmay_temple_entry_grid, serial_shops, shop
D:7:      layout_basic, gammafunk_ghost_nasty_kobolds, kennysheep_generic_room_6
D:8:      nicolae_whirlpool, layout_gridville, grunt_temple_overflow_open,
          grunt_ministairs_1, uniq_harold

Skill      XL: |  1  2  3  4  5  6  7  8 |
---------------+-------------------------+-----
Stealth        | 1 2 3 4 5 6 |  6.2
Unarmed Combat | 4 5 6 |  6.2
Dodging        | 3 |  3.6
Spellcasting   | 3 4 |  4.1
Transmutations | 3 4 5 |  5.2
Fighting       | 2 |  2.5
Throwing       | |  0.5
Poison Magic   | |  0.3
Evocations     | |  0.9

Action                   |  1- 3 |  4- 6 |  7- 9 || total
-------------------------+-------+-------+-------++-------
Melee: Unarmed           |    86 |   123 |   198 ||   407
       Constrict         |    23 |    27 |    36 ||    86
       Tentacles         |    12 |    17 |    30 ||    59
       Punch             |     2 |     3 |     4 ||     9
       Kick              |     2 |    18 |    17 ||    37
Throw: Dart              |       |     5 |     2 ||     7
 Cast: Beastly Appendage |     2 |    10 |    17 ||    29
       Spider Form       |       |       |     5 ||     5
Evoke: Wand              |       |       |     2 ||     2
  Use: Potion            |       |     2 |       ||     2
       Scroll            |       |       |     8 ||     8
 Stab: Sleeping          |     7 |     7 |     8 ||    22
       Invisible         |       |     2 |       ||     2
       Paralysed         |       |       |     6 ||     6
  Eat: Chunk             |     2 |     7 |    10 ||    19
       Ration            |       |       |     1 ||     1
Armor: Skin              |    15 |     4 |     8 ||    27
Dodge: Dodged            |    79 |    65 |   105 ||   249
